 Dungeon Crawl Stone Soup version 0.22-a0-422-g9628fc8 (webtiles) character file.

569 Amnesiac the Jinx (level 7, -1/46 HPs)
             Began as a Vampire Enchanter on May 20, 2018.
             Was a Follower of Dithmenos.
             Slain by a gnoll
             ... wielding a +0 spear
              (9 damage)
             ... on level 3 of the Dungeon.
             The game lasted 00:07:20 (3674 turns).

Amnesiac the Jinx (Vampire Enchanter)               Turns: 3674, Time: 00:07:21

Health: -1/46      AC:  2    Str:  7    XL:     7   Next: 11%
Magic:  2/10       EV: 13    Int: 19    God:    Dithmenos [*.....]
Gold:   166        SH:  0    Dex: 15    Spells: 1/10 levels left

rFire    . . .     SeeInvis +   a - +1 dagger (vamp)
rCold    + + .     Gourm    .   (no shield)
rNeg     + + +     Faith    .   b - +0 robe
rPois    ∞         Spirit   .   (no helmet)
rElec    .         Reflect  .   (no cloak)
rCorr    .         Harm     .   (no gloves)
MR       .....                  (no boots)
Stlth    +++++++...             (no amulet)
HPRegen  0.00/turn              (no ring)
MPRegen  0.12/turn              (no ring)

@: bloodless, non-regenerating, wreathed by umbra
A: fangs 3, see invisible, unbreathing
a: Bat Form, Renounce Religion


You were on level 3 of the Dungeon.
You worshipped Dithmenos.
Dithmenos was aware of your devotion.
You were bloodless.

You visited 2 branches of the dungeon, and saw 6 of its levels.

You collected 166 gold pieces.

Inventory:

Hand Weapons
 a - a +1 vampiric dagger (weapon)
Armour
 b - a +0 robe (worn)
 p - a +0 pair of boots
Scrolls
 e - a scroll of identify {!r, unknown}
 h - 2 scrolls of fear {!r, unknown}
 i - a scroll of amnesia {!r, unknown}
 l - a scroll of remove curse {!r, unknown}
 m - a scroll of random uselessness {!r, unknown}
 q - a scroll of enchant armour {!r, unknown}
Potions
 c - 4 potions of degeneration {!q, unknown}
 d - 16 potions of blood {!q}
 f - a potion of resistance {!q, unknown}
 g - 2 potions of heal wounds {!q, unknown}
 j - a potion of flight {!q, unknown}
 k - 3 potions of mutation {!q, unknown}
 n - 2 potions of haste {!q, unknown}
 o - a potion of curing {!q, unknown}


   Skills:
 - Level 2.0 Short Blades
 - Level 2.2 Dodging
 - Level 8.0 Stealth
 - Level 2.0 Spellcasting
 * Level 9.7 Hexes


You had one spell level left.
You knew the following spells:

 Your Spells              Type           Power        Failure   Level  Hunger
a - Ensorcelled Hibernat  Hex/Ice        ###...       3%          2    ###....
b - Corona                Hex            #####..      1%          1    #......
e - Confuse               Hex            #####...     1%          3    ###....
w - Tukima's Dance        Hex            #####...     1%          3    ###....

Your spell library contained the following spells:

 Spells                   Type           Power        Failure   Level  Hunger
 Spider Form              Tmut/Pois      #.........   45%         3    ###....
 Blade Hands              Tmut           #.........   99%         5    ######.
 Ice Form                 Ice/Tmut       #.......     86%         4    #####..
 Sticks to Snakes         Tmut           #.......     26%         2    ###....
 Beastly Appendage        Tmut           #.....       17%         1    #......
 Dazzling Spray           Conj/Hex       ###...       7%          3    ###....


Dungeon Overview and Level Annotations

Branches:
Dungeon (5/15)             Temple (1/1) D:4

Altars:
Cheibriados
Dithmenos
Elyvilon
Fedhas
Gozag
Hepliaklqana
Kikubaaqudgha
Makhleb
Qazlal
Ru
Sif Muna
Trog
Uskayaw
Vehumet
Wu Jian
Xom
Yredelemnul
The Shining One


Innate Abilities, Weirdness & Mutations

You do not heal naturally.
You are immune to poison.
You have razor-sharp teeth.
You have supernaturally acute eyesight. (SInv)
You can survive without breathing.


Message History

The bat barely misses you.
Casting: Ensorcelled Hibernation (safe; 3% risk of failure)
Confirm with . or Enter, or press ? or * to list all spells.
Aiming: Ensorcelled Hibernation (safe; 3% risk of failure)
Press: ? - help, Shift-Dir - straight line, f - bat
Aim: a bat (umbra, chance to defeat MR: 67%)
The bat looks drowsy...
Dithmenos accepts your kill.
You feel a bit more experienced.
The helpless bat fails to defend itself.
You bite the bat, and draw its blood!
You feel better.
You feel slightly less thirsty.
You impale the bat!!
You kill the bat!
Dithmenos accepts your kill.
You see here a bat corpse.
You bottle the corpse's blood.
d - 16 potions of blood {!q} (gained 1)
You see here a bat skeleton.
You start resting.
The gnoll is too close now for your liking.
Casting: Ensorcelled Hibernation (safe; 3% risk of failure)
Confirm with . or Enter, or press ? or * to list all spells.
Aiming: Ensorcelled Hibernation (safe; 3% risk of failure)
Press: ? - help, Shift-Dir - straight line, f - gnoll
Aim: a gnoll, wielding a club (umbra, chance to defeat MR: 59%)
The gnoll resists with significant effort.
The gnoll hits you but does no damage.
You hit the gnoll but do no damage. The gnoll misses you.
Casting: Ensorcelled Hibernation (safe; 3% risk of failure)
Confirm with . or Enter, or press ? or * to list all spells.
Aiming: Ensorcelled Hibernation (safe; 3% risk of failure)
Press: ? - help, Shift-Dir - straight line, f/p - gnoll
Aim: a gnoll, wielding a club (umbra, chance to defeat MR: 59%)
The gnoll resists with significant effort.
The gnoll hits you with a club.
You hit the gnoll.
You feel better.
The gnoll is lightly wounded.
Casting: Ensorcelled Hibernation (safe; 3% risk of failure)
Confirm with . or Enter, or press ? or * to list all spells.
Aiming: Ensorcelled Hibernation (safe; 3% risk of failure)
Press: ? - help, Shift-Dir - straight line, f/p - gnoll
Aim: a gnoll, wielding a club (lightly wounded, umbra, chance to defeat MR: 59%)
The gnoll resists with significant effort.
The gnoll hits you with a club.
You barely miss the gnoll.
The gnoll is lightly wounded.
The gnoll hits you with a club!
* * * LOW HITPOINT WARNING * * *
Casting: Ensorcelled Hibernation (safe; 3% risk of failure)
Confirm with . or Enter, or press ? or * to list all spells.
Aiming: Ensorcelled Hibernation (safe; 3% risk of failure)
Press: ? - help, Shift-Dir - straight line, f/p - gnoll
Aim: a gnoll, wielding a club (lightly wounded, umbra, chance to defeat MR: 59%)
The gnoll resists with significant effort.
The gnoll hits you but does no damage.
You hit the gnoll but do no damage. You bite the gnoll, but do no damage.
The gnoll is lightly wounded.
The gnoll hits you with a club.
* * * LOW HITPOINT WARNING * * *
The gnoll shouts!
The gnoll hits you from afar with a spear.
* * * LOW HITPOINT WARNING * * *
The gnoll hits you from afar with a spear!
You die...

#...÷....#
##########.######.# #####
#........#.# #.#
...#####.######.#.#### #.#
###.##...............[###.#
.......##....###..........#
###.#####.....##..g##.###.#
....# #....###...##.###.#
##### #.......@.g.......# #
###.#####.###.###.# # .#
#.###.###.# ## +#
#.........# .## #####.#####
#.## #.# #..## #.# ....##
..) ......+ ...


You could see 2 gnolls.

Vanquished Creatures
  A crimson imp (D:4)
  5 hounds (D:4)
  A bullfrog skeleton (D:4)
  5 orc wizards (D:4)
  Terence (D:2)
  An iguana (D:4)
  2 worker ants (D:4)
  A gnoll (D:3)
  An adder (D:4)
  A shadow imp (D:5)
  2 oozes
  An adder skeleton (D:4)
  2 dart slugs
  A leopard gecko (D:1)
  15 orcs
  4 giant cockroaches
  5 goblins
  5 hobgoblins
  A quokka (D:3)
  6 bats
  2 frilled lizards
  7 kobolds
  A leopard gecko skeleton (D:4)
  A quokka skeleton (D:4)
  5 rats
77 creatures vanquished.

Vanquished Creatures (collateral kills)
  An orc priest (D:3)
  An orc (D:3)
2 creatures vanquished.

Grand Total: 79 creatures vanquished

Notes
Turn   | Place    | Note
-------+----------+-------------------------------------------
     0 | D:1      | Amnesiac the Vampire Enchanter began the quest for the Orb.
     0 | D:1      | Reached XP level 1. HP: 13/13 MP: 3/3
    86 | D:2      | Noticed Terence
   399 | D:1      | Reached XP level 2. HP: 5/19 MP: 1/5
   403 | D:1      | Learned a level 2 spell: Ensorcelled Hibernation
   645 | D:2      | Killed Terence
   645 | D:2      | Reached skill level 5 in Stealth
   645 | D:2      | Reached skill level 5 in Hexes
   645 | D:2      | Reached XP level 3. HP: 18/24 MP: 2/6
   666 | D:2      | Learned a level 3 spell: Confuse
   994 | D:4      | Reached skill level 6 in Hexes
   994 | D:4      | Reached XP level 4. HP: 30/30 MP: 3/7
  1059 | D:4      | Found a hide-covered altar of Uskayaw.
  1085 | D:5      | Entered Level 5 of the Dungeon
  1144 | D:4      | Reached skill level 7 in Hexes
  1144 | D:4      | Reached XP level 5. HP: 30/35 MP: 0/8
  1501 | D:4      | Reached skill level 8 in Hexes
  1504 | D:4      | Reached XP level 6. HP: 41/41 MP: 4/9
  1992 | D:4      | Found a staircase to the Ecumenical Temple.
  2023 | D:4      | Reached skill level 9 in Hexes
  2047 | Temple   | Entered the Ecumenical Temple
  2170 | Temple   | Became a worshipper of Dithmenos the Shadowed
  2566 | D:1      | Reached XP level 7. HP: 46/46 MP: 10/10
  3127 | D:2      | Found a white marble altar of Elyvilon.
  3392 | D:3      | Learned a level 3 spell: Tukima's Dance
  3404 | D:3      | Reached * piety under Dithmenos
  3674 | D:3      | Slain by a gnoll

Vault maps used:
D:1:      lightli_arrival_noodles
D:2:      cheibrodos_old_hovel, nicolae_overflow_crystal_walls, uniq_terence
D:4:      eat_drink_and_be_merry_uskayaw, minmay_temple_entry_enclosed_plants,
          first_ration
D:5:      grunt_temple_overflow_open
Temple:   nicolae_temple_elliptical

Skill      XL: |  1  2  3  4  5  6  7 |
---------------+----------------------+-----
Stealth        | 5 6 7 8 |  8.0
Hexes          | 5 6 7 8 9 |  9.7
Short Blades   | 2 |  2.0
Dodging        | |  2.2
Spellcasting   | |  2.0

Action                   |  1- 3 |  4- 6 |  7- 9 || total
-------------------------+-------+-------+-------++-------
Melee: Dagger            |    35 |    76 |    53 ||   164
       Bite              |     4 |     4 |     2 ||    10
 Cast: Corona            |    10 |       |       ||    10
       Ensorcelled Hiber |     8 |    37 |    14 ||    59
       Confuse           |     1 |     7 |     4 ||    12
       Tukima's Dance    |       |       |     1 ||     1
 Abil: End Transformatio |       |     1 |       ||     1
       Bat Form          |       |     1 |       ||     1
 Stab: Sleeping          |     7 |    30 |    17 ||    54
       Confused          |     1 |     3 |     1 ||     5
       Distracted        |       |     1 |       ||     1
Armor: Robe              |     6 |     2 |     7 ||    15
Dodge: Dodged            |    19 |    31 |    38 ||    88

Table legend:
 A = Spawn XP
 B = Non-spawn XP
 C = Spawn XP percentage of total XP
 D = Spawn monster count
 E = Non-spawn monster count
 F = Spawn count percentage of total count
 G = Total turns spent on level
                    A         B        C        D         E        F      G
               +---------+---------+-------+---------+---------+-------+---------
         Total |       0 |     813 |   0.0 |       0 |      79 |   0.0 |  3674
               +---------+---------+-------+---------+---------+-------+---------
           D:1 |       0 |      30 |   0.0 |       0 |      19 |   0.0 |  1001
           D:2 |       0 |      61 |   0.0 |       0 |      13 |   0.0 |   762
           D:3 |       0 |      58 |   0.0 |       0 |      13 |   0.0 |   485
           D:4 |       0 |     653 |   0.0 |       0 |      33 |   0.0 |  1261
           D:5 |       0 |      11 |   0.0 |       0 |       1 |   0.0 |    34
               +---------+---------+-------+---------+---------+-------+---------
